 Dungeon Crawl Stone Soup version 0.31-a0-963-ga325b2283a (webtiles) character file.

Game seed: 4672172366970839890

148611 Arex the Warrior (level 16, -8/136 HPs)
             Began as a Demonspawn Chaos Knight on Oct 25, 2023.
             Was a Plaything of Xom.
             Mangled by a demonic crawler (12 damage)
             ... on level 2 of the Spider Nest on Oct 26, 2023.
             The game lasted 01:01:30 (34226 turns).

Arex the Warrior (Demonspawn Chaos Knight)         Turns: 34226, Time: 01:01:30

Health: -8/136     AC: 32    Str: 26      XL:     16   Next: 64%
Magic:  16/16      EV:  9    Int: 10 (11) God:    Xom [..*...]
Gold:   3017       SH: 18    Dex: 21      Spells: 15/15 levels left

rFire   . . .        J - +5 broad axe (freeze)
rCold   + . .        X - +2 buckler
rNeg    . . .        W - +1 plate armour {rPois}
rPois   +            (helmet unavailable)
rElec   +            F - +2 cloak
rCorr   .            A - +2 pair of gloves {Str+3}
SInv    .            B - +2 pair of boots
Will    ++...        l - amulet of reflection Stlth
                     g - ring of willpower
HPRegen 0.42/turn    d - ring of protection from cold
MPRegen 0.15/turn

%: reflection, resist mutation
@: no status effects
A: horns 3, thin metallic scales 3, demonic guardian 3, foul stench 1, large
bone plates 1, thin skeletal structure 1, agile 2, mutation resistance 3, sense
surroundings 1, poison resistance, strong 1, MP-powered wands
}: 1/15 runes: decaying
a: Renounce Religion


You were on level 2 of the Spider Nest.
You worshipped Xom.
You were a toy of Xom.
You visited 5 branches of the dungeon, and saw 25 of its levels.
You also visited: Sewer.

You collected 3514 gold pieces.
You spent 497 gold pieces at shops.

Inventory:

Hand Weapons
 j - a +4 antimagic broad axe
 J - a +5 broad axe of freezing (weapon)
 L - a +1 demon trident
Missiles
 m - 3 throwing nets
Armour
 A - a +2 pair of gloves of strength (worn)
 B - a +2 pair of boots (worn)
 F - a +2 cloak (worn)
 W - a +1 plate armour of poison resistance (worn)
 X - a +2 buckler (worn)
Jewellery
 d - a ring of protection from cold (right hand)
 g - a ring of willpower (left hand)
 l - an amulet of reflection (around neck)
 p - a ring of resist corrosion
 v - a ring of protection from fire
 S - an amulet of guardian spirit
 Z - a ring of see invisible
Wands
 a - a wand of iceblast (16)
 h - a wand of mindburst (20)
 q - a wand of quicksilver (6)
 r - a wand of charming (41)
 z - a wand of digging (15)
 I - a wand of polymorph (36)
 R - a wand of flame (83) (quivered)
Scrolls
 b - 2 scrolls of fear
 c - a scroll of butterflies
 e - a scroll of blinking
 f - 4 scrolls of immolation
 i - 9 scrolls of teleportation
 o - 3 scrolls of revelation
 s - 5 scrolls of amnesia
 t - 5 scrolls of silence
 w - 3 scrolls of poison
 y - 5 scrolls of fog
 G - 4 scrolls of vulnerability
 K - 4 scrolls of noise
Potions
 k - a potion of enlightenment
 u - a potion of might
 x - 2 potions of haste
 C - 3 potions of attraction
 D - a potion of magic
 H - 2 potions of cancellation
 M - a potion of heal wounds
 N - 6 potions of curing
 O - 4 potions of lignification
 P - 3 potions of brilliance
 Q - 2 potions of berserk rage
 T - 3 potions of invisibility
 V - a potion of mutation
Miscellaneous
 U - a condenser vane


   Skills:
 + Level 15.1 Fighting
 - Level 14.0 Axes
 + Level 13.8 Armour
 - Level 3.2 Dodging
 + Level 8.7 Shields
 + Level 14.2 Evocations


You had 15 spell levels left.
You didn't know any spells.
Your spell library contained the following spells:

 Spells                   Type           Power      Damage    Failure   Level
 Freeze                   Ice            0%         1d3       97%         1
 Sting                    Tmut/Pois      0%         1d3       97%         1
 Summon Small Mammal      Summ           0%         N/A       97%         1
 Blink                    Tloc           0%         N/A       99%         2
 Lesser Beckoning         Tloc           0%         N/A       99%         2
 Momentum Strike          Conj/Tloc      0%         3d8       99%         2
 Poisonous Vapours        Pois/Air       0%         N/A       99%         2
 Static Discharge         Conj/Air       0%         3-3/arc   99%         2
 Call Canine Familiar     Summ           0%         N/A       100%        3
 Frozen Ramparts          Ice            0%         1d1       100%        3
 Gell's Gravitas          Tloc           0%         N/A       100%        3
 Hailstorm                Conj/Ice       0%         3d3       100%        3
 Inner Flame              Hex/Fire       0%         N/A       100%        3
 Ozocubu's Armour         Ice            0%         N/A       100%        3
 Stone Arrow              Conj/Erth      0%         3d7       100%        3
 Summon Guardian Golem    Hex/Summ       0%         N/A       100%        3
 Teleport Other           Tloc           0%         N/A       100%        3
 Airstrike                Air            0%         2d(0-16)  100%        4
 Animate Armour           Summ/Erth      0%         N/A       100%        4
 Cause Fear               Hex            0%         N/A       100%        4
 Flame Wave               Conj/Fire      0%         2d4       100%        4
 Leda's Liquefaction      Hex/Erth       0%         N/A       100%        4
 Olgreb's Toxic Radiance  Pois           0%         N/A       100%        4
 Summon Ice Beast         Ice/Summ       0%         N/A       100%        4
 Summon Lightning Spire   Summ/Air       0%         N/A       100%        4
 Vhi's Electric Charge    Tloc/Air       0%         N/A       100%        4
 Arcjolt                  Conj/Air       0%         1d10      100%        5
 Fireball                 Conj/Fire      0%         3d3       100%        5
 Lee's Rapid Deconstruct  Erth           0%         3d4*      100%        5
 Metabolic Englaciation   Hex/Ice        0%         N/A       100%        5
 Bombard                  Conj/Erth      0%         9d1       100%        6
 Dispersal                Tloc           0%         N/A       100%        6
 Simulacrum               Ice/Necr       0%         N/A       100%        6
 Haunt                    Necr/Summ      0%         N/A       100%        7
 Borgnjor's Revivificati  Necr           0%         N/A       100%        8
 Ignition                 Fire           0%         3d3       100%        8
 Lehudib's Crystal Spear  Conj/Erth      0%         10d2      100%        8
 Maxwell's Capacitive Co  Air            0%         ∞         100%        8
 Death's Door             Necr           0%         N/A       100%        9
 Dragon's Call            Summ           0%         N/A       100%        9


Dungeon Overview and Level Annotations

Branches:
Dungeon (11/15)            Temple (0/1) D:4            Lair (5/5) D:8
  Swamp (4/4) Lair:3       Spider (3/4) Lair:2        Slime (0/5) Lair:4
    Orc (2/2) D:11            Elf (0/3) Orc:2         Sewer (visited)

Altars:
Dithmenos
Fedhas
Gozag
Okawaru
Ru
Sif Muna
Trog
Xom
Jiyva

Shops:
D:6 [   Orc:2 (*[:

Annotations:
D:1 1 transporter
Lair:3 exclusion: oklob plant
Lair:4 1 runed translucent door


Innate Abilities, Weirdness & Mutations

You have a pair of large horns on your head.
You are completely covered in thin metallic scales. (AC +4, rElec)
A powerful demonic guardian rushes to your aid.
You may rarely emit foul miasma when damaged in melee.
You are partially covered in large bone plates. (SH +4)
You have a somewhat thin skeletal structure. (Dex +2, Stealth+)
You are very agile. (Dex +8, Str/Int -2)
You are almost entirely resistant to further mutation and mutation removal.
You passively map a small area around you.
Your system is resistant to poisons. (rPois)
Your muscles are strong. (Str +4, Int/Dex -1)
You expend magic power (3 MP) to strengthen your wands.


Message History

You barely miss the demonic crawler. You slash the redback!
You freeze the redback. You hit the demonic crawler.
You freeze the demonic crawler. You block the redback's attack.
You block the demonic crawler's attack. x3; The demonic crawler hits you.
* * * LOW HITPOINT WARNING * * *
A demonic guardian appears!
The demonic crawler hits you but does no damage.
The demonic crawler barely misses you. x2
The demonic crawler hits you but does no damage.
The demonic crawler hits you.
* * * LOW HITPOINT WARNING * * *
The redback bites you but does no damage.
You slash the redback! You freeze the redback.
You kill the redback!
You slash the demonic crawler! You freeze the demonic crawler.
You completely miss the demonic crawler.
You slash the demonic crawler! You freeze the demonic crawler.
You block the demonic crawler's attack. x2
The demonic crawler hits you but does no damage. x2
You block the demonic crawler's attack.
The demonic crawler hits you but does no damage.
You block the demonic crawler's attack. The demonic crawler hits you.
* * * LOW HITPOINT WARNING * * *
The demonic crawler hits you but does no damage. x2
The demonic crawler misses you. You block the demonic crawler's attack.
The demonic crawler attacks as it pursues you!
You block the demonic crawler's attack.
The demonic crawler hits you but does no damage.
You block the demonic crawler's attack.
Your reaper hits the demonic crawler with a +2 antimagic scythe!!
The demonic crawler hits you but does no damage. x3
You see here a redback corpse.
You completely miss the demonic crawler.
The demonic crawler is heavily wounded.
You slash the demonic crawler! You freeze the demonic crawler.
The demonic crawler hits you!
* * * LOW HITPOINT WARNING * * *
Xom thinks this is hilarious!
The demonic crawler barely misses you. The demonic crawler hits you!
You die...

#..#.#..#..##.#.^#....#..#[..[^^)
..#..###..........#..##..#.^^.._.
.##......#.|#^##..#.).#^.#...^...
....##.#.###^##...##..#..###.^8^8
....^#..........##....#..####...[
#......##....#^...##.##...#####^.
#.......###..#^#.....#.....# #.)
###...#......#.^#......#...## #.)
##.....#......@#.^....##..# #..
###...##..##2ss..#..#....#####
###....#.#..#^.....#....##
#..#..#.......#.....#..#
##..#..####...##..#...##
##(........#####..#...##
##.^##...#.####....#..#
##^..#.#...##..###...#
##.....<...##^.###.##


You could see 2 demonic crawlers and a friendly reaper (summoned).

Vanquished Creatures
  A tentacled monstrosity (Swamp:4)
  2 emperor scorpions
  2 ghost moths
  2 very ugly things (Swamp:4)
  9 eleionomae
  A spark wasp (Spider:2)
  The ghost of Stellion the Basher, a journeyman HOFi of Okawaru (D:11)
  4 bunyips
  4 entropy weavers
  2 green deaths (Swamp:4)
  Fannar (Lair:2)
  A catoblepas (Lair:5)
  2 ghost crabs
  A spriggan air mage (Swamp:4)
  5 hydras
  A jorogumo (Spider:1)
  8 alligators
  A dancing weapon (Orc:2)
  A two-headed ogre (D:11)
  7 demonic crawlers
  5 death yaks (Lair:5)
  2 spriggan berserkers (Swamp:3)
  A deep troll shaman (Lair:5)
  3 orc high priests
  Urug (D:10)
  Amaemon (Lair:2)
  4 pharaoh ants
  3 skysharks
  4 goliath frogs
  6 spriggan druids
  3 swamp dragons
  3 orb spiders
  4 bog bodies
  2 steelbarb worms (Spider:2)
  8 wolf spiders
  6 ugly things (Swamp:4)
  4 orc knights
  2 cyclopes
  4 orc sorcerers
  A will-o-the-wisp (Swamp:3)
  A moth of wrath (Lair:5)
  3 elephants (Lair:5)
  A guardian serpent (shapeshifter) (Lair:4)
  2 black mambas
  2 orange demons (Swamp:4)
  Maurice (D:8)
  A gargoyle (D:11)
  12 cane toads
  A torpor snail (Spider:2)
  Maggie (Lair:1)
  3 rime drakes
  4 kobold demonologists (D:11)
  7 komodo dragons
  A merfolk (shapeshifter) (Swamp:3)
  4 meliai
  6 trolls
  3 polar bears
  8 tyrant leeches
  2 large abominations (Swamp:4)
  8 hornets
  10 tarantellas
  16 blink frogs
  20 jumping spiders
  15 culicivoras
  8 slime creatures (Swamp:4)
  A vampire (D:6)
  Sigmund (D:3)
  3 wyverns
  9 spriggans
  3 shadows (Swamp:4)
  A wraith (D:11)
  36 yaks
  A basilisk (Lair:2)
  A steam dragon (D:9)
  22 redbacks
  2 vampire mosquitoes (Swamp:2)
  2 wargs
  14 swamp worms
  An acid dragon (D:9)
  15 water moccasins
  3 black bears
  35 orc warriors
  3 ice beasts
  A sky beast (D:7)
  4 swamp drakes
  Pargi (Sewer)
  3 ogres
  3 centaurs
  11 wolves
  A phantom (D:7)
  13 kobold brigands
  6 bullfrogs
  3 gnoll sergeants
  3 scorpions
  6 wights
  14 killer bees
  An electric eel (Lair:2)
  A howler monkey (D:8)
  10 orc priests
  2 jellies
  An iguana (D:7)
  2 gnoll boudas
  2 hounds
  A sleepcap (D:6)
  2 hell rats (Lair:4)
  22 orc wizards
  23 gnolls
  17 adders
  11 river rats
  2 shadow imps
  2 white imps
  2 ufetubi (D:7)
  2 dart slugs
  A worm (D:4)
  55 orcs
  A ball python (D:1)
  15 bats
  8 endoplasms
  5 giant cockroaches
  4 goblins
  5 hobgoblins
  6 jackals
  16 kobolds
  2 quokkas
  4 frilled lizards
  5 rats
715 creatures vanquished.

Vanquished Creatures (collateral kills)
  Mlioglotl (Swamp:1)
  A dire elephant (Lair:5)
  An eleionoma (Swamp:2)
  A hydra (Swamp:2)
  An alligator (Swamp:2)
  A two-headed ogre (D:9)
  A skyshark (Lair:3)
  A spriggan druid (Swamp:2)
  2 orc knights
  An orc sorcerer (Orc:2)
  3 elephants (Lair:5)
  A cane toad (Lair:1)
  A komodo dragon (Lair:2)
  A kobold demonologist (D:11)
  2 meliai (Spider:1)
  A troll (Orc:1)
  3 hornets
  A blink frog (Lair:4)
  2 slime creatures (Swamp:4)
  A culicivora (Spider:1)
  4 yaks
  A spriggan (Swamp:2)
  A swamp worm (Swamp:1)
  5 orc warriors
  A black bear (D:8)
  A bullfrog (D:8)
  3 scorpions (D:8)
  A wight (D:9)
  3 orc priests
  6 orcs
  A butterfly (Lair:4)
  A starspawn tentacle (Swamp:1)
55 creatures vanquished.

Vanquished Creatures (others)
  A fenstrider witch (Swamp:2)
  An orc warlord (Orc:1)
  An alligator (Swamp:3)
  A dancing weapon (Orc:1)
  A death drake (Swamp:3)
  An orc knight (Orc:1)
  A moth of wrath (Swamp:4)
  An orange demon (Lair:2)
  A troll (Orc:1)
  2 bloated husks
  A yak zombie (Lair:5)
  A basilisk zombie (Lair:2)
  4 foxfires (Swamp:3)
  A spectral weapon (Swamp:2)
  A starspawn tentacle (Swamp:1)
19 creatures vanquished.

Grand Total: 789 creatures vanquished

Notes
Turn   | Place    | Note
-------+----------+-------------------------------------------
     0 | D:1      | Arex the Demonspawn Chaos Knight began the quest for the
                  | Orb.
     0 | D:1      | Reached XP level 1. HP: 18/18 MP: 1/1
   251 | D:1      | XOM: noise
   299 | D:1      | XOM: divination: magic mapping
   350 | D:1      | XOM: polymorph rat -> adder
   363 | D:1      | Gained mutation: You are partially covered in thin metallic
                  | scales. (AC +2) [demonic ancestry]
   363 | D:1      | Reached XP level 2. HP: 8/24 MP: 2/2
   365 | D:1      | XOM: noise
   692 | D:2      | Gained mutation: A weak demonic guardian rushes to your
                  | aid. [demonic ancestry]
   692 | D:2      | Reached XP level 3. HP: 29/29 MP: 3/3
   694 | D:2      | XOM: give mutations
   694 | D:2      | Gained mutation: You have large cloven feet. [Xom's
                  | mischief]
   694 | D:2      | Gained mutation: You occasionally lose the ability to read
                  | scrolls when taking damage. [Xom's mischief]
   694 | D:2      | Gained mutation: You sometimes lose your temper in combat.
                  | [Xom's mischief]
   861 | D:2      | Found a faded altar of an unknown god.
   969 | D:2      | Gained mutation: You have a pair of small horns on your
                  | head. [demonic ancestry]
   969 | D:2      | Reached XP level 4. HP: 37/37 MP: 4/4
   998 | D:2      | XOM: stat loss: -1 Dex (11/12)
  1291 | D:3      | Found a large runed translucent door.
  1294 | D:3      | Found a large runed translucent door.
  1406 | D:3      | Noticed Sigmund
  1465 | D:3      | Killed Sigmund
  1466 | D:3      | Reached skill level 4 in Fighting
  1466 | D:3      | Gained mutation: You have a pair of horns on your head.
                  | [demonic ancestry]
  1466 | D:3      | Reached XP level 5. HP: 23/43 MP: 5/5
  1700 | D:3      | XOM: 1-stop teleportation journey
  1709 | D:3      | Found an iron altar of Okawaru.
  1922 | D:3      | XOM: chaos upgrade
  1939 | D:3      | Reached XP level 6. HP: 38/49 MP: 6/6
  2329 | D:3      | XOM: noise
  2404 | D:3      | Found a bloodstained altar of Trog.
  2407 | D:3      | Found a sacrificial altar of Ru.
  2543 | D:4      | Identified the +2 leather armour of Integrity {MP+9 Str-5
                  | Int+8 Dex-5}
  2710 | D:4      | Found a staircase to the Ecumenical Temple.
  2896 | D:4      | XOM: enchant monster (bad)
  2901 | D:4      | Reached skill level 5 in Fighting
  2938 | D:4      | Reached skill level 1 in Evocations
  3063 | D:4      | XOM: give mutation
  3063 | D:4      | Gained mutation: You are robust. (+10% HP) [Xom's mischief]
  3097 | D:5      | Entered Level 5 of the Dungeon
  3135 | D:5      | XOM: silly message
  3150 | D:5      | Found a glowing drain.
  3154 | Sewer    | Entered a sewer
  3179 | Sewer    | Noticed Pargi
  3213 | Sewer    | Killed Pargi
  3214 | Sewer    | Gained mutation: You are mostly covered in thin metallic
                  | scales. (AC +3) [demonic ancestry]
  3214 | Sewer    | Reached XP level 7. HP: 61/61 MP: 7/7
  3525 | D:5      | XOM: give mutations
  3525 | D:5      | Gained mutation: You are partially covered in large bone
                  | plates. (SH +4) [Xom's mischief]
  3525 | D:5      | Lost mutation: You are robust. (+10% HP) [Xom's mischief]
  3525 | D:5      | Gained mutation: You occasionally lose the ability to drink
                  | potions when taking damage. [Xom's mischief]
  3525 | D:5      | Gained mutation: Your body sometimes deteriorates upon
                  | taking damage. [Xom's mischief]
  4106 | D:6      | XOM: blink monster(s)
  4127 | D:6      | an ice beast changed into a hog
  4127 | D:6      | Noticed a hog
  4127 | D:6      | XOM: polymorph ice beast -> hog
  4128 | D:6      | a hog changed into an entropy weaver
  4128 | D:6      | Noticed an entropy weaver
  4128 | D:6      | XOM: polymorph hog -> entropy weaver
  4513 | D:6      | Reached skill level 5 in Axes
  4548 | D:6      | XOM: summons 4 hostile demons
  5007 | D:6      | Killed an entropy weaver
  5008 | D:6      | Reached skill level 6 in Fighting
  5008 | D:6      | Reached skill level 5 in Armour
  5008 | D:6      | Gained mutation: A demonic guardian rushes to your aid.
                  | [demonic ancestry]
  5008 | D:6      | Reached XP level 8. HP: 26/65 MP: 8/8
  5244 | D:6      | XOM: scenery: create altars
  5803 | D:6      | Found Kiuz's Antique Armour Emporium.
  5807 | D:6      | Bought a pair of boots for 112 gold pieces
  5880 | D:6      | Found a shimmering altar of Xom.
  5925 | D:6      | Found a blossoming altar of Fedhas.
  5927 | D:6      | Found a shadowy altar of Dithmenos.
  6028 | D:6      | XOM: summons 4 hostile shadow creatures
  6036 | D:6      | XOM: smoke on damage
  6597 | D:6      | Gained mutation: You are completely covered in thin
                  | metallic scales. (AC +4, rElec) [demonic ancestry]
  6597 | D:6      | Reached XP level 9. HP: 12/71 MP: 9/9
  6797 | D:6      | XOM: divination: magic mapping
  6808 | D:6      | Reached skill level 7 in Fighting
  6962 | D:7      | XOM: polymorph orange demon -> hellwing
  7036 | D:7      | Reached skill level 5 in Evocations
  7326 | D:7      | XOM: cloud trail
  7373 | D:7      | XOM: give mutations
  7373 | D:7      | Lost mutation: You occasionally lose the ability to drink
                  | potions when taking damage. [Xom's mischief]
  7373 | D:7      | Lost mutation: You occasionally lose the ability to read
                  | scrolls when taking damage. [Xom's mischief]
  7373 | D:7      | Gained mutation: You have hidden genetic defects. [Xom's
                  | mischief]
  7605 | D:8      | XOM: stealth player
  7615 | D:8      | Found a staircase to the Lair.
  7615 | D:8      | Noticed a komodo dragon
  7634 | D:8      | Reached skill level 1 in Dodging
  7676 | D:8      | Killed a komodo dragon
  7676 | D:8      | Gained mutation: You have an uncontrollable temper. [hidden
                  | defects]
  7681 | D:8      | XOM: summons friendly crimson imp
  7696 | D:8      | XOM: noise
  7700 | D:8      | Reached skill level 8 in Fighting
  7700 | D:8      | Reached XP level 10. HP: 69/80 MP: 10/10
  7726 | D:8      | Gained mutation: Your spells are a little easier to cast,
                  | but a little less powerful. [hidden defects]
  7726 | D:8      | Lost mutation: You have hidden genetic defects. [hidden
                  | defects expressed]
  7756 | D:8      | XOM: enchant monster (bad)
  7851 | D:7      | XOM: stat loss: -1 Int (12/13)
  7994 | D:8      | XOM: swap monsters
  8008 | D:8      | XOM: chaos cloud
  8068 | D:8      | XOM: confusion
  8081 | D:8      | XOM: summons 3 hostile shadow creatures
  8300 | D:8      | Noticed Maurice
  8318 | D:8      | Something stole a ring of protection from cold
  8320 | D:8      | Something stole a +0 hand axe of chaos
  8323 | D:8      | Something stole 37 gold
  8324 | D:8      | Something stole 402 gold
  8359 | D:8      | Killed Maurice
  8729 | D:12     | Identified the "Otual"
  8729 | Lair:1   | Entered Level 1 of the Lair of Beasts
  8839 | Lair:1   | XOM: 2-stop teleportation journey
  8849 | Lair:1   | Noticed a cane toad
  8850 | Lair:1   | Noticed a cane toad
  8851 | Lair:1   | XOM: cleaving
  8869 | Lair:1   | Killed a cane toad
  8870 | Lair:1   | Reached skill level 1 in Shields
  8875 | Lair:1   | XOM: divination: detect creatures
  8876 | Lair:1   | HP: 4/82 [poisoned by a cane toad]
  8877 | Lair:1   | Killed a cane toad
  9061 | Lair:1   | Noticed a cane toad
  9070 | Lair:1   | Killed a cane toad
  9217 | Lair:1   | XOM: polymorph water moccasin -> wyvern
  9301 | Lair:1   | Noticed Maggie
  9301 | Lair:1   | XOM: 6-stop teleportation journey
  9364 | Lair:1   | XOM: god gift: 17 gold pieces
  9514 | Lair:1   | XOM: scenery: summon butterflies
  9517 | Lair:1   | XOM: scenery: summon butterflies
  9587 | Lair:1   | Killed Maggie
  9594 | Lair:1   | XOM: give mutations
  9594 | Lair:1   | Lost mutation: Your spells are a little easier to cast, but
                  | a little less powerful. [Xom's grace]
  9594 | Lair:1   | Gained mutation: You expend magic power (3 MP) to
                  | strengthen your wands. [Xom's grace]
  9608 | Lair:1   | XOM: god gift: 828 gold pieces
  9777 | Lair:1   | Noticed a cane toad
  9781 | Lair:1   | Killed a cane toad
  9782 | Lair:1   | Gained mutation: A powerful demonic guardian rushes to your
                  | aid. [demonic ancestry]
  9782 | Lair:1   | Reached XP level 11. HP: 87/87 MP: 1/11
  9957 | Gauntlet | Identified the of Qena
  9958 | Lair:2   | Noticed an eight-headed hydra
  9967 | Lair:1   | XOM: noise
  9968 | Lair:1   | Reached skill level 9 in Fighting
 10031 | Lair:2   | XOM: divination: magic mapping
 10035 | Lair:2   | XOM: divination: magic mapping
 10067 | Lair:2   | XOM: 7-stop teleportation journey
 10516 | D:9      | XOM: noise
 10518 | D:9      | XOM: summons 11 friendly demons
 10523 | D:9      | Noticed a two-headed ogre
 10531 | D:9      | Killed a two-headed ogre
 10654 | D:9      | XOM: god gift: +1 executioner's axe of chaos
 10701 | D:9      | XOM: scenery: create altars
 10912 | D:9      | XOM: divination: detect creatures
 11002 | D:9      | XOM: potion effect (brilliance)
 11314 | D:9      | XOM: cloud trail
 11340 | D:9      | XOM: summons friendly white imp
 11454 | D:9      | XOM: silly message
 11763 | D:9      | Found an opulent altar of Gozag.
 12011 | D:9      | XOM: polymorph orc wizard -> hound
 12212 | D:9      | XOM: cloud trail
 12249 | D:10     | Entered Level 10 of the Dungeon
 12274 | D:10     | Noticed Urug
 12340 | D:9      | XOM: noise
 12434 | D:10     | XOM: enchant monster (good)
 12500 | D:10     | XOM: divination: detect items
 12509 | D:10     | Killed Urug
 12837 | Lair:2   | Killed an eight-headed hydra
 12838 | Lair:2   | Reached skill level 10 in Fighting
 12964 | Lair:2   | Reached XP level 12. HP: 86/97 MP: 12/12
 12997 | Lair:2   | Noticed Fannar
 13011 | Lair:2   | Killed Fannar
 13169 | Lair:2   | Found a hole to the Spider Nest.
 13205 | Lair:2   | Noticed Amaemon
 13211 | Lair:2   | XOM: potion effect (brilliance)
 13221 | Lair:2   | Killed Amaemon
 13502 | Lair:2   | XOM: cloud trail
 13716 | Lair:2   | XOM: god gift: potion of curing
 13825 | Lair:3   | XOM: enchant monster (bad)
 14104 | Lair:3   | XOM: confuse monster(s)
 14195 | Lair:3   | Found a staircase to the Swamp.
 14219 | Lair:3   | XOM: fake destruction
 14413 | Lair:3   | XOM: give mutations
 14413 | Lair:3   | Gained mutation: Your flesh is heat resistant. (rF+) [Xom's
                  | grace]
 14413 | Lair:3   | Gained mutation: Your muscles are strong. (Str +4, Int/Dex
                  | -1) [Xom's grace]
 14413 | Lair:3   | Gained mutation: You have a somewhat thin skeletal
                  | structure. (Dex +2, Stealth+) [Xom's grace]
 14413 | Lair:3   | Gained mutation: You are agile. (Dex +4, Str/Int -1) [Xom's
                  | grace]
 14438 | Lair:3   | XOM: 2-stop teleportation journey
 14682 | Lair:3   | XOM: cloud trail
 14785 | Lair:3   | XOM: scenery: summon butterflies
 15186 | Lair:3   | XOM: give mutation
 15186 | Lair:3   | Gained mutation: You are mostly covered in large bone
                  | plates. (SH +6) [Xom's grace]
 15335 | Lair:4   | XOM: confuse monster(s)
 15365 | Lair:4   | Reached skill level 10 in Axes
 15370 | Lair:4   | XOM: scenery: create altars
 15424 | Lair:4   | XOM: god gift: falchion {god gift}
 15425 | Lair:4   | XOM: polymorph butterfly -> shapeshifter
 15431 | Lair:4   | Reached skill level 11 in Fighting
 15468 | Lair:4   | Found a runed translucent door.
 15469 | Lair:4   | Found a viscous altar of Jiyva.
 15470 | Lair:4   | Noticed an acid blob
 15470 | Lair:4   | Noticed an acid blob
 15471 | Lair:4   | Found a staircase to the Slime Pits.
 15472 | Lair:4   | Noticed an acid blob
 15684 | Lair:4   | XOM: 3-stop teleportation journey
 15691 | Lair:4   | XOM: enchant monster (good)
 15711 | Lair:4   | Reached skill level 10 in Armour
 15874 | Lair:4   | Reached skill level 10 in Evocations
 15898 | Lair:4   | XOM: 8-stop teleportation journey
 15961 | Lair:4   | XOM: enchant monster (good)
 15988 | Lair:4   | Noticed Sonja
 15989 | Lair:4   | Sonja changed into Sonja the rime drake
 15989 | Lair:4   | Noticed Sonja
 15995 | Lair:4   | Killed Sonja the rime drake
 15999 | Lair:4   | XOM: summons friendly ufetubus
 16077 | Lair:4   | Identified the +4 spear of Past Mistakes {heavy, Will+
                  | Dex+2 Stlth+}
 16166 | Lair:4   | XOM: fog
 16172 | Lair:4   | Gained mutation: You may rarely emit foul miasma when
                  | damaged in melee. [demonic ancestry]
 16172 | Lair:4   | Reached XP level 13. HP: 98/106 MP: 13/13
 16401 | Lair:4   | XOM: cloud trail
 16466 | Lair:5   | Entered Level 5 of the Lair of Beasts
 16582 | Lair:5   | XOM: 4-stop teleportation journey
 16588 | Lair:5   | XOM: destruction
 16640 | Lair:5   | XOM: scenery: create altars
 16655 | Lair:5   | XOM: scenery: summon butterflies
 16949 | Lair:5   | XOM: polymorph elephant -> moth of wrath
 17184 | Lair:5   | XOM: 2-stop teleportation journey
 17210 | Lair:5   | XOM: cleaving
 17217 | Lair:5   | XOM: 2-stop teleportation journey
 17379 | Lair:5   | XOM: summons friendly sun demon
 17636 | Lair:5   | Reached skill level 12 in Fighting
 17736 | Lair:5   | Noticed a dire elephant
 17737 | Lair:5   | XOM: cleaving
 17746 | Lair:5   | Killed a dire elephant
 18244 | Lair:5   | XOM: give mutations
 18244 | Lair:5   | Gained mutation: You are very agile. (Dex +8, Str/Int -2)
                  | [Xom's mischief]
 18244 | Lair:5   | Lost mutation: You have an uncontrollable temper. [Xom's
                  | mischief]
 18673 | D:10     | Found a shimmering blue altar of Sif Muna.
 18788 | D:10     | XOM: give mutations
 18788 | D:10     | Gained mutation: Your muscles are very strong. (Str +8,
                  | Int/Dex -2) [Xom's mischief]
 18788 | D:10     | Lost mutation: You have large cloven feet. [Xom's mischief]
 19005 | D:11     | XOM: enchant monster (good)
 19050 | D:11     | Found a staircase to the Orcish Mines.
 19613 | D:11     | XOM: summons 9 friendly demons
 19635 | D:11     | XOM: silly message
 19693 | D:11     | XOM: repel stairs
 19765 | D:11     | Found a runed translucent gate.
 19765 | D:11     | Found a runed translucent gate.
 19765 | D:11     | Found a runed translucent gate.
 19767 | D:11     | Noticed Stellion's ghost (journeyman HOFi)
 19921 | D:11     | XOM: god gift: scroll of silence
 20133 | D:11     | XOM: divination: detect creatures
 20134 | D:11     | HP: 4/86 [Stellion's ghost (1)]
 20138 | D:11     | Killed Stellion's ghost
 20615 | D:11     | XOM: scenery: 1 doors close
 20762 | D:11     | Gained mutation: You have a pair of large horns on your
                  | head. [demonic ancestry]
 20762 | D:11     | Reached XP level 14. HP: 101/102 MP: 14/14
 20834 | D:11     | XOM: god gift: 52 gold pieces
 20886 | Orc:1    | Entered Level 1 of the Orcish Mines
 20929 | D:11     | XOM: god gift: 40 gold pieces
 21076 | D:11     | XOM: god gift: +5 broad axe of freezing
 21222 | Orc:1    | XOM: scenery: summon butterflies
 21262 | Orc:2    | Entered Level 2 of the Orcish Mines
 21268 | Orc:2    | Noticed an orc warlord
 21269 | Orc:2    | Found Waffeb Reuss's Antique Armour Shoppe.
 21272 | Orc:2    | XOM: polymorph orc warlord -> orc warlord
 21274 | Orc:2    | an orc warlord changed into a swamp worm
 21541 | Orc:1    | XOM: 2-stop teleportation journey
 21607 | Orc:1    | Noticed an orc warlord
 21631 | Orc:1    | XOM: god gift: wand of polymorph (7)
 21649 | Orc:1    | Killed an orc warlord
 21649 | Orc:1    | XOM: divine lightning
 21660 | Orc:1    | XOM: summons friendly red devil
 21924 | Orc:1    | XOM: give mutations
 21924 | Orc:1    | Gained mutation: You are somewhat resistant to further
                  | mutation. [Xom's grace]
 21924 | Orc:1    | Gained mutation: Your mind is acute. (Int +4, Str/Dex -1)
                  | [Xom's grace]
 21924 | Orc:1    | Gained mutation: Your system is resistant to poisons.
                  | (rPois) [Xom's grace]
 21994 | Orc:2    | Found Zisoh's Book Emporium.
 22003 | Orc:2    | Found a staircase to the Elven Halls.
 22085 | Orc:2    | Found Tula's General Store.
 22158 | Orc:2    | Reached skill level 13 in Fighting
 22161 | Orc:2    | Found Raevosm's Antique Weapon Boutique.
 22213 | Orc:2    | Bought a potion of invisibility for 88 gold pieces
 22213 | Orc:2    | Bought a potion of mutation for 88 gold pieces
 22284 | Orc:2    | XOM: cast spell 'Discord'
 22285 | Orc:2    | Paralysed by an orc sorcerer for 2 turns
 22293 | Orc:2    | XOM: summons friendly smoke demon
 22660 | Orc:2    | Bought a potion of curing for 33 gold pieces
 22660 | Orc:2    | Bought 2 potions of invisibility for 176 gold pieces
 22847 | Orc:1    | XOM: scenery: create altars
 23050 | Swamp:1  | Entered Level 1 of the Swamp
 23055 | Swamp:1  | XOM: enchant monster (good)
 23105 | Swamp:1  | XOM: scenery: summon butterflies
 23112 | Swamp:1  | Reached skill level 5 in Shields
 23147 | Swamp:1  | XOM: give mutations
 23147 | Swamp:1  | Gained mutation: You are somewhat resistant to both further
                  | mutation and mutation removal. [Xom's grace]
 23147 | Swamp:1  | Gained mutation: You are almost entirely resistant to
                  | further mutation and mutation removal. [Xom's grace]
 23294 | Swamp:1  | Identified the +7 whip of Pimec {protect, *Corrode rElec
                  | rF++ Str+3}
 23392 | Swamp:1  | Noticed Mlioglotl
 23403 | Swamp:1  | Noticed a tentacled starspawn
 23416 | Swamp:1  | Killed Mlioglotl
 23638 | Swamp:1  | Identified the +0 robe of the Northern Lights {rPois}
 23757 | Swamp:1  | XOM: confuse monster(s)
 23948 | Swamp:1  | XOM: polymorph eight-headed hydra -> something unseen
 23968 | Lair:3   | Killed a ghost moth
 23968 | Lair:3   | XOM: give mutation
 23968 | Lair:3   | Gained mutation: You passively map a small area around you.
                  | [Xom's grace]
 23971 | Lair:3   | XOM: scenery: summon butterflies
 24414 | Swamp:1  | XOM: 1-stop teleportation journey
 24753 | Swamp:2  | Noticed a fenstrider witch
 24758 | Swamp:2  | XOM: enchant monster (good)
 24759 | Swamp:2  | Paralysed by a fenstrider witch for 4 turns
 24759 | Swamp:2  | Killed a fenstrider witch
 24782 | Swamp:2  | XOM: cleaving
 25214 | Swamp:2  | XOM: scenery: create altars
 25225 | Swamp:2  | Reached XP level 15. HP: 111/124 MP: 15/15
 25708 | Swamp:2  | XOM: 1-stop teleportation journey
 25725 | Swamp:2  | XOM: enchant monster (bad)
 25843 | Swamp:2  | XOM: give mutations
 25843 | Swamp:2  | Lost mutation: You expend magic power (3 MP) to strengthen
                  | your wands. [Xom's mischief]
 25843 | Swamp:2  | Lost mutation: Your body sometimes deteriorates upon taking
                  | damage. [Xom's mischief]
 25848 | Swamp:2  | XOM: cloud trail
 25948 | Swamp:3  | Identified the of Ciwucs
 25965 | Swamp:3  | XOM: divine lightning
 26083 | Swamp:3  | XOM: destruction
 26242 | Swamp:3  | XOM: chaos upgrade
 26554 | Swamp:3  | XOM: silly message
 26605 | Swamp:3  | XOM: god gift: 58 gold pieces
 26664 | Swamp:3  | XOM: noise
 26724 | Swamp:3  | Identified the +0 chain mail "Yklyfini" {rN+ Str+4}
 26830 | Swamp:3  | Identified the +9 dagger of Cruel Justice {freeze, *Rage
                  | rElec rPois rN+}
 26944 | Swamp:4  | Entered Level 4 of the Swamp
 27010 | Swamp:4  | XOM: cast spell 'Discord'
 27277 | Swamp:4  | XOM: give mutations
 27277 | Swamp:4  | Lost mutation: You sometimes lose your temper in combat.
                  | [Xom's grace]
 27277 | Swamp:4  | Gained mutation: You are robust. (+10% HP) [Xom's grace]
 27277 | Swamp:4  | Gained mutation: You expend magic power (3 MP) to
                  | strengthen your wands. [Xom's grace]
 27481 | Swamp:3  | XOM: divination: detect items
 27677 | Swamp:4  | XOM: polymorph swamp dragon -> swamp dragon
 27686 | Swamp:3  | XOM: enchant monster (bad)
 27896 | Swamp:4  | Reached skill level 14 in Fighting
 27915 | Swamp:4  | XOM: scenery: summon butterflies
 28063 | Swamp:4  | XOM: silly message
 28158 | Swamp:3  | XOM: torment (43/138 hp)
 28291 | Swamp:3  | XOM: summons 4 hostile shadow creatures
 28292 | Swamp:3  | XOM: silly message
 28512 | Swamp:3  | XOM: torment (70/138 hp)
 28676 | Swamp:3  | XOM: cleaving
 28693 | Swamp:4  | XOM: polymorph swamp dragon -> moth of wrath
 28919 | Swamp:4  | XOM: polymorph green ugly thing -> red ugly thing
 28957 | Swamp:4  | XOM: potion effect (brilliance)
 29068 | Swamp:4  | Noticed a tentacled monstrosity
 29077 | Swamp:4  | Killed a tentacled monstrosity
 29085 | Swamp:4  | XOM: cast spell 'Olgreb's Toxic Radiance'
 29197 | Swamp:4  | XOM: divination: detect items
 29213 | Swamp:4  | Got a decaying rune of Zot
 29264 | Swamp:4  | XOM: divination: magic mapping
 29324 | Swamp:4  | XOM: divination: detect items
 29993 | Spider:1 | Entered Level 1 of the Spider Nest
 30405 | Spider:1 | Reached XP level 16. HP: 109/144 MP: 16/16
 30572 | Spider:1 | Identified the +2 pair of gloves of Untold Secrets {*Slow
                  | rF++ rN+++ Slay-3}
 30660 | Spider:1 | XOM: divination: magic mapping
 30801 | Spider:1 | XOM: polymorph spark wasp -> something unseen
 31036 | Spider:1 | XOM: 4-stop teleportation journey
 31299 | Spider:1 | XOM: silly message
 31941 | Spider:1 | XOM is BORED!
 31941 | Spider:1 | XOM: noise
 32018 | Spider:2 | XOM: divination: magic mapping
 32199 | Spider:2 | XOM: 1-stop teleportation journey
 32392 | Spider:2 | XOM: noise
 32403 | Spider:2 | XOM: confusion (+ monsters)
 32485 | Spider:2 | XOM: divination: detect creatures
 32492 | Spider:2 | XOM: smoke on damage
 32601 | Spider:2 | XOM: 3-stop teleportation journey
 32614 | Spider:2 | XOM: scenery: summon butterflies
 33015 | Spider:2 | XOM: summons 9 friendly demons
 33261 | Spider:2 | XOM: summons friendly ufetubus
 33303 | Spider:2 | XOM: potion effect (haste)
 33407 | Spider:2 | Identified the +9 morningstar of Laor {venom, rN+}
 33550 | Spider:3 | XOM: potion effect (invisibility)
 33567 | Spider:2 | Reached skill level 15 in Fighting
 33568 | Spider:3 | XOM: give mutations
 33568 | Spider:3 | Lost mutation: Your mind is acute. (Int +4, Str/Dex -1)
                  | [Xom's mischief]
 33568 | Spider:3 | Lost mutation: Your flesh is heat resistant. (rF+) [Xom's
                  | mischief]
 33568 | Spider:3 | Lost mutation: You are mostly covered in large bone plates.
                  | (SH +6) [Xom's mischief]
 33594 | Spider:3 | XOM: repel stairs
 33606 | Spider:3 | XOM: enchant monster (bad)
 33619 | Spider:3 | XOM: give mutations
 33619 | Spider:3 | Lost mutation: You are robust. (+10% HP) [Xom's mischief]
 33619 | Spider:3 | Lost mutation: Your muscles are very strong. (Str +8,
                  | Int/Dex -2) [Xom's mischief]
 33626 | Spider:3 | XOM: confusion
 33998 | Spider:2 | XOM: stat loss: -1 Dex (20/21)
 34101 | Spider:3 | XOM: swap monsters
 34103 | Spider:3 | XOM: noise
 34105 | Spider:3 | XOM: stat loss: -1 Int (10/11)
 34226 | Spider:2 | HP: 4/136 [demonic crawler (12)]
 34226 | Spider:2 | Mangled by a demonic crawler

Illustrated notes

Levels and vault maps discovered:
D:1:      spicycebolla_arrival_risky_transporter, layout_loops_ring
D:2:      minmay_alternating_diamond, layout_rooms,
          shapermc_ecumenical_altar_totnotflames
D:3:      cheibrodos_old_hovel, layout_basic, jmf_multi_god_temple2,
          mainiacjoe_overflow_paths, uniq_sigmund
D:4:      layout_loops_cross, minmay_temple_entry_mist
D:5:      layout_gridville, good_gods_temple_1, gup_sewer_entry_bowl
D:6:      layout_cave_pods, nicolae_overflow_hidden_temple, serial_column_ruins,
          column_ruins_hut_ruined, column_ruins_hut_pillars,
          column_ruins_corridor_straight, column_ruins_corridor_straight,
          column_ruins_columns_straight, column_ruins_columns_straight,
          serial_shops, nicolae_shop_back_alley_shop, minmay_misc_feat_ornament,
          ebering_dispersal_statue_hall, minmay_misc_feat_room
D:7:      layout_rooms, nicolae_twisty_statue_hallways
D:8:      layout_loops_cross, due_lair_maze_entry_diamond, uniq_maurice
D:9:      old_forge, layout_loops_ring, grunt_gozag_breadcrumbs
D:10:     layout_cave_pools, mainiacjoe_overflow_24_doors, dk_noncrumbling_3,
          uniq_urug
D:11:     layout_roguey, david_orc_1_choice, gammafunk_ghost_nasty_kobolds
Lair:1:   layout_chaotic_city, uniq_maggie
Lair:2:   layout_gridlike, hellmonk_spider_entry_life_and_decay,
          gauntlet_entry_generic, grunt_megastairs_2, uniq_fannar, uniq_amaemon
Lair:3:   layout_gridlike, minmay_swamp_entry_worms,
          nicolae_volcano_entry_hallway, serial_forest,
          infiniplex_forest_clump_double, infiniplex_forest_clump_long,
          infiniplex_forest_clump_diagonal, infiniplex_forest_clump_double,
          infiniplex_forest_3_way, infiniplex_forest_clump_medium,
          infiniplex_forest_3_way, infiniplex_forest_straight_1,
          infiniplex_forest_lined_room_, infiniplex_forest_zigzag_2,
          minmay_lair_oklob_items, beast_lair_carwin_11
Lair:4:   layout_regular_city, slime_entry_2, kennysheep_rathole,
          grunt_megastairs_4, lemuel_fruit_tree, serial_bayou_shore_b,
          lemuel_fruit_fields, lemuel_fruit_fields, uniq_sonja
Lair:5:   grunt_lair_end_beastmaster, layout_layer_cave,
          grunt_forest_large_clearings
Swamp:1:  layout_basic_swamp, nicolae_swamp_ascending_descending_big,
          uniq_mlioglotl
Swamp:2:  layout_basic_swamp, evilmike_swamp_ruin_house_5
Swamp:3:  layout_basic_swamp, evilmike_swamp_ruin_rubble_2
Swamp:4:  swamp_vile, layout_basic_swamp
Spider:1: layout_chambers, drop_trap
Spider:2: nicolae_spider_mines_2
Spider:3: layout_spider_delve
Orc:1:    layout_caves, special_room [special_room_orc]
Orc:2:    grunt_orc_gardens, layout_diamond_mine, grunt_orc_garden,
          grunt_orc_garden, grunt_orc_garden, grunt_orc_garden

Skill      XL: |  1  2  3  4  5  6  7  8  9 10 11 12 13 14 15 16 |
---------------+-------------------------------------------------+-----
Armour         | 2 3 4 5 7 9 10 11 12 13 | 13.8
Axes           | 3 4 5 6 7 8 9 10 11 12 14 | 14.0
Fighting       | 4 5 6 8 10 11 12 13 14 15 | 15.1
Evocations     | 1 3 4 6 7 8 10 11 12 13 14 | 14.2
Dodging        | 2 3 |  3.2
Shields        | 3 4 5 7 8 |  8.7

Action                     |  1- 3 |  4- 6 |  7- 9 | 10-12 | 13-15 | 16-18 || total
---------------------------+-------+-------+-------+-------+-------+-------++-------
  Melee: Hand axe          |    58 |   150 |   267 |   225 |       |       ||   700
         Kick              |     7 |    40 |    23 |       |       |       ||    70
         Headbutt          |       |    19 |    51 |   110 |   249 |    78 ||   507
         Punch             |       |     1 |     4 |       |       |       ||     5
         Executioner's axe |       |       |       |   386 |   293 |       ||   679
         Broad axe         |       |       |       |       |   654 |   252 ||   906
         Demon trident     |       |       |       |       |    47 |       ||    47
  Evoke: Wand              |       |     2 |     1 |    18 |    18 |     1 ||    40
         Condenser vane    |       |       |       |       |     2 |       ||     2
    Use: Scroll            |       |     6 |     3 |     8 |    10 |     5 ||    32
         Potion            |       |     2 |     1 |     5 |     4 |     6 ||    18
   Stab: Held in net/web   |       |       |       |     1 |       |       ||     1
         Distracted        |       |       |       |     2 |     5 |     1 ||     8
         Confused          |       |       |       |     2 |     1 |     1 ||     4
         Paralysed         |       |       |       |     1 |     1 |       ||     2
         Petrified         |       |       |       |       |     7 |       ||     7
         Petrifying        |       |       |       |       |     3 |       ||     3
         Sleeping          |       |       |       |       |     1 |       ||     1
         Invisible         |       |       |       |       |       |    10 ||    10
 Armour: Leather armour    |    18 |       |       |       |       |       ||    18
         Plate armour      |    19 |   153 |   262 |   543 |   835 |   428 ||  2240
  Dodge: Dodged            |    31 |    31 |    53 |   188 |   261 |   182 ||   746
  Block: Other             |     9 |    33 |   131 |   268 |   176 |       ||   617
         Reflection        |     1 |       |     6 |     6 |    36 |       ||    49
         Buckler           |       |       |       |   100 |   560 |   438 ||  1098

Table legend: (Time is in decaauts)
 A = Elapsed time spent in this place.
 B = Non-inter-level travel time spent in this place.
 C = Inter-level travel time spent in this place.
 D = Time resting spent in this place.
 E = Time spent auto-exploring this place.
 F = Levels seen in this place.
 G = Mean time per level.
                   A        B        C        D        E       F      G
               +--------+--------+--------+--------+--------+-----+--------+
         Total |  35438 |  33440 |   1998 |  12588 |  14963 |  26 | 1363.0 |
       Dungeon |  14036 |  13138 |    898 |   3931 |   6872 |  11 | 1276.0 |
          Lair |   8066 |   7623 |    443 |   2655 |   3586 |   5 | 1613.2 |
         Swamp |   7056 |   6640 |    416 |   3246 |   2215 |   4 | 1764.0 |
   Spider Nest |   4212 |   4123 |     89 |   2095 |   1504 |   3 | 1404.0 |
  Orcish Mines |   1899 |   1749 |    150 |    602 |    742 |   2 |  949.5 |
         Sewer |    168 |    168 |      0 |     57 |     43 |   1 |  168.0 |
               +--------+--------+--------+--------+--------+-----+--------+

Top non-repeatable levels by time:
     D:6: 2615 daAuts
Spider:1: 2402 daAuts
 Swamp:3: 2159 daAuts
     D:9: 2141 daAuts
  Lair:5: 1979 daAuts
  Lair:2: 1925 daAuts
 Swamp:4: 1915 daAuts
 Swamp:1: 1801 daAuts
Spider:2: 1746 daAuts
    D:11: 1571 daAuts
  Lair:1: 1488 daAuts
  Lair:3: 1376 daAuts
    D:10: 1303 daAuts
  Lair:4: 1296 daAuts
     D:3: 1252 daAuts
